slyhack, chaotic female human Rogue -- ---.--- -.....-- ........ ....... --- -...... ..# ...... -..G ..... --..) ... -----..h| ... ----.|.f.@.| ..- |..........| -.--- --...--.....| -- |...| |...-----...------ ........-- |-<.-----.--- |.......(..............(- |.........| ---...----- ........| --..------- |-...-- -- ---- |.....| --.|.-- ----- slyhack the Cutpurse Experience level: 3 Strength: 12 Dexterity: 18 Constitution: 13 Intelligence: 12 Wisdom: 14 Charisma: 10 Health: 0(25) Energy: 11(11) Def: 4 Gold: 495 Moves: 1479 Dungeon seed: bj8Jipyo9RjaO4cy Game ID: slyhack_1480957974 Your Inventory: Coins $ - 495 gold pieces Weapons a - a +0 dagger named Biter (weapon in hand) j - a cursed -1 orcish dagger u - 20 +0 arrows Armor e - an uncursed +1 leather armor (being worn) n - an uncursed +0 helmet (being worn) z - an uncursed +1 pair of elven boots N - a blessed +2 pair of leather gloves Wands h - a wand of striking (0:7) Tools k - an uncursed lock pick s - an uncursed tin whistle B - an uncursed sack Gems r - an uncursed amethyst stone y - 2 uncursed jade stones Contents of the sack: a +0 short sword an uncursed scroll of create monster an uncursed scroll of earth an uncursed scroll of identify an uncursed potion of gain ability an uncursed potion of sickness an uncursed ring of slow digestion Spells and supernatural/magical abilities: Name Level Category Fail Memory W - pray for help -- divine ? -- Your skills at the end: Fighting Skills wands [Basic] Weapon Skills dagger [Basic] short sword [Basic] Spellcasting Skills Final Attributes: You were piously aligned. You were stealthy. You are dead. Vanquished creatures: a shrieker a kitten a giant rat a cave spider 3 yellow molds a red mold a garter snake a fox a kobold 3 goblins a sewer rat 8 grid bugs a bat 2 lichens 7 newts 33 creatures vanquished. Voluntary challenges: You used a wielded weapon 33 times, starting on turn 39. You were illiterate. You never genocided any monsters. You never polymorphed an object. You never changed form. You used no wishes. You never split a pudding. You never wrote Elbereth's name. You never violated your personal moral code. Dungeon overview: The Dungeons of Doom: levels 1 to 4 Level 1 an altar to Mog, some fountains a long staircase Level 2 a general store, an altar to Kos Level 3 an altar to Issek Level 4 an armor shop stairs to The Gnomish Mines The Gnomish Mines: Level 5 <- You were here stairs to The Dungeons of Doom History has recorded: On T:1 you entered the Dungeons of Doom to retrieve the Amulet of Yendor! On T:259 you advanced to experience level 2. On T:351 you reached level 2 of The Dungeons of Doom. On T:401 you reached level 3 of The Dungeons of Doom. On T:842 you advanced to experience level 3. On T:955 you reached level 4 of The Dungeons of Doom. On T:1429 you reached level 1 of The Gnomish Mines. Score breakdown: Gold: 495 ( 9169 points) Experience: 3 levels ( 7878 points) Exploration: 5 levels ( 9.62%) ( 8401 points) Discoveries: 4 items ( 1.33%) ( 3458 points) Valuables value: (no points given unless you survive) Artifact value: 0 ( 0 points) Variety of kills: 15 monsters ( 3.92%) ( 5937 points) Turncount: 1479 turns ( 0 points) Survival: died (score multiplied by 80%) Total score: 27874 Latest messages: The dagger misses the dwarf lord. You throw 2 daggers. The 1st dagger misses the dwarf lord. The 2nd dagger hits the dwarf lord. The dwarf lord throws a dart! You are almost hit by a dart. You have no ammunition readied! u - 20 arrows (in quiver). You fill your quiver: u - 20 arrows (in quiver). You now have no ammunition readied. You hit the dwarf lord. The kitten picks up a dart. You miss the dwarf lord. The dwarf lord swings his broad pick at you. The dwarf lord hits! The dwarf lord swings his broad pick at you. The dwarf lord hits! You die... Final status: Goodbye slyhack the Rogue, killed by a dwarf lord... You died in The Gnomish Mines on dungeon level 5 with 27874 points, and 495 pieces of gold, after 1479 moves. You were level 3 with a maximum of 25 hit points when you died.